 Dungeon Crawl Stone Soup version 0.31-a0-996-g3b49de5836 (webtiles) character file.

Game seed: 11072939785792625781

604 CakeIsGreat the Covered (level 7, -2/44 HPs)
             Began as a Gargoyle Fighter on Mar 6, 2023.
             Slain by Duvessa
             ... wielding a +0 rapier
              (9 damage)
             ... on level 4 of the Dungeon on Nov 7, 2023.
             The game lasted 00:12:33 (3661 turns).

CakeIsGreat the Covered (Gargoyle Fighter)          Turns: 3661, Time: 00:12:34

Health: -2/44      AC: 12    Str: 22    XL:     7   Next: 42%
Magic:  7/7        EV:  9    Int:  8    God:
Gold:   254        SH:  4    Dex:  9    Spells: 6/6 levels left

rFire   . . .        v - +0 flail (holy)
rCold   . . .        c - +0 buckler
rNeg    + . .        b - +0 scale mail
rPois   ∞            (no helmet)
rElec   +            (no cloak)
rCorr   .            (no gloves)
SInv    .            (no boots)
Will    .....        (no amulet) Stlth
                     (no ring)
HPRegen 0.27/turn    (no ring)
MPRegen 0.10/turn

%: no passive effects
@: no status effects
A: sickness immunity, AC +4, negative energy resistance 1, electricity
resistance, torment resistance 1, petrification resistance
a: no special abilities


You were on level 4 of the Dungeon.
You visited 1 branch of the dungeon, and saw 4 of its levels.
You also visited: Sewer.

You collected 254 gold pieces.

Inventory:

Hand Weapons
 m - a +1 mace
 v - a +0 flail of holy wrath (weapon)
Missiles
 g - 39 stones (quivered)
 x - a throwing net
Armour
 b - a +0 scale mail (worn)
 c - a +0 buckler (worn)
 n - an orb of energy
Jewellery
 r - the amulet of Ephemeral Luck {Faith Drain rC+ Str-5 Dex+10}
   (You found it on level 3 of the Dungeon)

   [amulet of faith]

   Faith:     It allows you to gain divine favour quickly.
   Str-5:     It affects your strength (-5).
   Dex+10:    It affects your dexterity (+10).
   rC+:       It protects you from cold.
   Drain:     It drains your maximum health when unequipped.
 s - a +4 ring of protection
Wands
 e - a wand of paralysis (4)
Scrolls
 p - a scroll of fear
 q - 2 scrolls of identify
 u - a scroll of enchant weapon
 w - a scroll of enchant armour {unknown}
Potions
 a - a potion of cancellation {unknown}
 d - 2 potions of degeneration {unknown}
 f - a potion of ambrosia {unknown}
 h - a potion of enlightenment {unknown}
 i - a potion of brilliance {unknown}
 j - a potion of attraction {unknown}
 k - 8 potions of curing {unknown}
 l - a potion of resistance {unknown}
 o - a potion of lignification {unknown}
 t - a potion of heal wounds


   Skills:
 * Level 5.0 Fighting
 * Level 3.9 Maces & Flails
 + Level 1.9 Throwing
 * Level 5.1 Armour
 * Level 5.0 Shields
 + Level 1.3 Evocations


You had 6 spell levels left.
You didn't know any spells.
Your spell library contained the following spells:

 Spells                   Type           Power      Damage    Failure   Level
 Slow                     Hex            0%         N/A       78%         1
 Confusing Touch          Hex            0%         N/A       98%         3
 Sigil of Binding         Hex            0%         N/A       98%         3
 Vampiric Draining        Necr           0%         2d6       98%         3
 Petrify                  Tmut/Erth      0%         N/A       100%        4
 Irradiate                Conj/Tmut      0%         3d11      100%        5
 Sublimation of Blood     Necr           Unusable   N/A       N/A         2

Dungeon Overview and Level Annotations

Branches:
Dungeon (4/15)              Sewer (visited)
 Temple: D:4-7

Altars:
Cheibriados
Qazlal

Annotations:
D:4 Duvessa, Grinder


Innate Abilities, Weirdness & Mutations

You are immune to sickness and miasma.
Your stone body is resilient. (AC +4)
You are immune to poison.
You resist negative energy. (rN+)
You are resistant to electric shocks. (rElec)
You are resistant to unholy torment.
You are immune to petrification.


Message History

No target in view!
No target in view!
Grinder comes into view.
Grinder shouts!
Grinder says, "Don't move a muscle."
You see here a giant cockroach corpse.
Grinder is nearby!
Grinder is nearby!
Okay, then.
Found a robe.
Duvessa, Sister of Dowan comes into view.
She is wielding a +0 rapier.
Duvessa shouts!
Duvessa goes berserk!
You block Grinder's attack.
You sock Grinder!
Grinder convulses!
Grinder is heavily wounded.
Grinder blinks!
You block Duvessa's attack. Grinder gestures at you.
You suddenly lose the ability to move!
Duvessa hits you with a +0 rapier. Duvessa hits you with a +0 rapier!
You can move again.
Duvessa hits you with a +0 rapier. You block Duvessa's attack.
You block Duvessa's attack.
Grinder blinks!
Duvessa attacks as she pursues you! Duvessa hits you with a +0 rapier. x2
Duvessa attacks as she pursues you! You block Duvessa's attack.
Duvessa rages.
Duvessa attacks as she pursues you! Duvessa misses you.
Duvessa hits you with a +0 rapier.
Grinder blinks!
You block Duvessa's attack.
Duvessa rages.
Duvessa attacks as she pursues you! Duvessa hits you with a +0 rapier!
* * * LOW HITPOINT WARNING * * *
Duvessa barely misses you.
Duvessa rages.
Duvessa closely misses you. Duvessa hits you with a +0 rapier.
* * * LOW HITPOINT WARNING * * *
Duvessa attacks as she pursues you! Duvessa hits you but does no damage.
Grinder blinks!
Duvessa hits you with a +0 rapier!
You die...

....# .##..................###.
....# # #..................>...#
###..###.###.....................
## ..##..###.................#..#
.# ........................#####
## .###.................## ....
#.................#
.......###......##.........####
................@####......##.#
.................e..#.##......##
.................#.##.####.....#
.....#.........###....# #.##.##
............######....####.##..#
#...........# ##.....##.#.....##
............####..##..##...##....
.............#......§###.#####..#
.................#.....#..# #....


You could see Duvessa (berserk).

Vanquished Creatures
  3 kobold brigands (Sewer)
  A scorpion (D:4)
  Dowan (D:4)
  A hound (D:4)
  An iron imp (D:4)
  An iguana (D:4)
  6 adders
  4 river rats (Sewer)
  A worm (D:3)
  3 dart slugs
  18 ball pythons
  3 endoplasms
  10 giant cockroaches
  13 goblins
  11 hobgoblins
  5 jackals
  6 quokkas
  3 bats
  8 frilled lizards
  7 kobolds
  14 rats
120 creatures vanquished.

Notes
Turn   | Place    | Note
-------+----------+-------------------------------------------
     0 | D:1      | CakeIsGreat the Gargoyle Fighter began the quest for the
                  | Orb.
     0 | D:1      | Reached XP level 1. HP: 14/14 MP: 1/1
   141 | D:1      | Reached XP level 2. HP: 19/19 MP: 2/2
   724 | D:2      | Reached XP level 3. HP: 21/23 MP: 3/3
  1104 | D:2      | Reached XP level 4. HP: 29/29 MP: 4/4
  1500 | D:3      | Found a glowing drain.
  1537 | Sewer    | Entered a sewer
  1542 | Sewer    | Noticed a kobold brigand
  1675 | Sewer    | Killed a kobold brigand
  1676 | Sewer    | Reached skill level 1 in Throwing
  1676 | Sewer    | Reached XP level 5. HP: 30/33 MP: 5/5
  1696 | Sewer    | Upgraded the game from 0.30-a0-859-gf88a04b62d to
                  | 0.31-a0-996-g3b49de5836
  1804 | Sewer    | Noticed a kobold brigand
  1862 | Sewer    | Killed a kobold brigand
  1863 | Sewer    | Reached XP level 6. HP: 18/39 MP: 6/6
  2852 | D:3      | Found a stormy altar of Qazlal.
  2984 | D:3      | Identified the amulet of Ephemeral Luck {Faith Drain rC+
                  | Str-5 Dex+10}
  3042 | D:4      | Reached skill level 1 in Evocations
  3055 | D:4      | Noticed Dowan
  3087 | D:4      | Killed Dowan
  3088 | D:4      | Reached XP level 7. HP: 19/44 MP: 7/7
  3208 | D:4      | Reached skill level 5 in Armour
  3281 | D:4      | Found a snail-covered altar of Cheibriados.
  3384 | D:4      | Reached skill level 5 in Fighting
  3475 | D:4      | Reached skill level 5 in Shields
  3638 | D:4      | Noticed Grinder
  3640 | D:4      | Noticed Duvessa
  3643 | D:4      | Paralysed by Grinder for 2 turns
  3661 | D:4      | Slain by Duvessa

Illustrated notes

Levels and vault maps discovered:
D:1:      psy_arrival_terrarium, layout_basic, kennysheep_another_room
D:2:      layout_basic
D:3:      cheibrodos_greedy_goblins, layout_basic, overflow_temple_1_default,
          portal_sewer_entry_f, grunt_ministairs_4
D:4:      layout_cave_pools, slow_altar_1, uniq_duvessa, uniq_grinder

Skill      XL: |  1  2  3  4  5  6  7 |
---------------+----------------------+-----
Armour         | 4 5 |  5.1
Fighting       | 4 5 |  5.0
Maces & Flails | 3 |  3.9
Throwing       | 1 |  1.9
Shields        | 4 5 |  5.0
Evocations     | 1 |  1.3

Action                     |  1- 3 |  4- 6 |  7- 9 || total
---------------------------+-------+-------+-------++-------
  Melee: Flail             |   123 |       |    39 ||   162
         Mace              |     7 |   342 |    26 ||   375
  Evoke: Wand              |       |     2 |       ||     2
    Use: Scroll            |     3 |     4 |       ||     7
         Potion            |       |     2 |       ||     2
   Stab: Paralysed         |       |     2 |       ||     2
 Armour: Scale mail        |    76 |   220 |    62 ||   358
  Dodge: Dodged            |    80 |   151 |    41 ||   272
  Block: Buckler           |    33 |    69 |    19 ||   121

Table legend: (Time is in decaauts)
 A = Elapsed time spent in this place.
 B = Non-inter-level travel time spent in this place.
 C = Inter-level travel time spent in this place.
 D = Time resting spent in this place.
 E = Time spent auto-exploring this place.
 F = Levels seen in this place.
 G = Mean time per level.
                   A        B        C        D        E       F      G
               +--------+--------+--------+--------+--------+-----+--------+
         Total |   3947 |   3910 |     37 |    110 |   2425 |   5 |  789.4 |
       Dungeon |   2820 |   2783 |     37 |     76 |   1779 |   4 |  705.0 |
         Sewer |   1126 |   1126 |      0 |     34 |    646 |   1 | 1126.0 |
               +--------+--------+--------+--------+--------+-----+--------+

Top non-repeatable levels by time:
   Sewer: 1126 daAuts
     D:3: 894 daAuts
     D:2: 686 daAuts
     D:1: 667 daAuts
     D:4: 572 daAuts
